AoeStats
← 平民老百姓

Nomad

504622865Analyzed
4v4 RM · 26d ago on Sep 6, 2026· 46m 46s· 8 players
Game mode
Random Map
Map size
231×231
Population
200
Speed
Normal
Resources
Standard
Victory
Conquest
Starting age
Dark Age
Ending age
Imperial Age
RankedLock teamsTeams togetherTeam positionsShared explorationLock speedFull tech treeHidden civsTurbo modeCheats
Victory
Defeat
🇨🇳 Khmer · China
1358
+14
🇨🇳 Berbers · China
1312
+16
🇹🇼 Spanish · Taiwan
1226
+19
🇦🇷 Dravidians · Argentina
1225
+19
🇦🇷 Mapuche · Argentina
1354
-19
🇨🇦 Lithuanians · Canada
1311
-17
🇦🇷 Persians · Argentina
1292
-17
🇪🇸 Italians · Spain
1258
-15
Matasariano9065
5:57 Loom
12:18 Feudal Age
17:09 Castle Age
15:44 Fletching
16:16 Double-Bit Axe
18:19 Medium Warships
22:57 Bodkin Arrow
23:39 Ballistics
24:31 Horse Collar
27:26 Wheelbarrow
27:39 Padded Archer Armor
29:37 Clinker Construction
34:31 Imperial Age
34:06 Leather Archer Armor
37:05 Bracer
41:19 Heavy Warships
42:19 Chemistry
44:39 Ring Archer Armor
NBP
4:34 Loom
14:11 Feudal Age
15:21 Double-Bit Axe
18:26 Castle Age
16:59 Stone Mining
19:41 Bow Saw
19:16 Fishing Lines
20:03 Medium Warships
24:32 Horse Collar
24:47 Gold Mining
25:57 Heavy Plow
29:54 Stone Shaft Mining
33:12 Imperial Age
31:51 Wheelbarrow
31:02 Town Watch
32:47 Scale Barding Armor
32:54 Forging
33:47 Gold Shaft Mining
33:55 Conscription
33:33 Gillnets
34:34 Elite War Elephant
35:46 Husbandry
36:06 Bloodlines
36:58 Chain Barding Armor
37:14 Iron Casting
37:25 Hand Cart
37:11 Town Patrol
38:19 Plate Barding Armor
39:54 Blast Furnace
40:39 Crop Rotation
41:15 Two-Man Saw
41:42 Fletching
42:57 Chemistry
42:27 Ballistics
43:14 Murder Holes
CTM | Severo24cm
4:42 Loom
15:35 Feudal Age
21:19 Castle Age
19:39 Padded Archer Armor
19:29 Double-Bit Axe
19:24 Horse Collar
19:39 Gold Mining
20:58 Fletching
22:29 Bow Saw
22:31 Bodkin Arrow
24:13 Leather Archer Armor
24:36 Gold Shaft Mining
25:44 Elite Skirmisher
33:57 Ballistics
34:25 Heavy Plow
36:48 Wheelbarrow
37:07 Malon
39:56 Wheelbarrow
41:58 Hand Cart
41:28 Town Watch
Grand.Saladier
13:34 Feudal Age
14:36 Double-Bit Axe
18:23 Castle Age
18:58 Loom
19:54 Bow Saw
20:30 Gold Mining
21:02 Horse Collar
22:37 Heavy Plow
25:27 Wheelbarrow
27:53 Scale Barding Armor
28:56 Chain Barding Armor
31:05 Hand Cart
31:12 Fletching
36:46 Imperial Age
34:47 Bloodlines
37:18 Husbandry
37:16 Light Cavalry
39:29 Forging
40:10 Conscription
NahuelR
12:34 Feudal Age
10:51 Loom
20:12 Castle Age
18:47 Double-Bit Axe
19:32 Forging
19:15 Fletching
27:00 Bodkin Arrow
33:13 Wheelbarrow
36:47 Imperial Age
35:55 Medical Corps
39:50 Horse Collar
44:15 Ballistics
45:09 Forging
44:59 Scale Mail Armor
45:42 Arson
47:14 Scale Barding Armor
missed and miss
5:44 Loom
13:56 Feudal Age
17:59 Castle Age
16:35 Double-Bit Axe
17:15 Fletching
19:50 Bow Saw
19:36 Bodkin Arrow
20:52 Fishing Lines
21:33 Gillnets
21:42 Gillnets
28:15 Wheelbarrow
28:59 Medium Warships
30:06 Kasbah
30:08 Padded Archer Armor
31:07 Hand Cart
31:36 Ballistics
33:54 Horse Collar
34:05 Gold Mining
35:16 Thumb Ring
38:51 Imperial Age
38:24 Husbandry
38:34 Bloodlines
39:11 Leather Archer Armor
39:02 Scale Barding Armor
38:55 Elite Camel Archer
39:56 Conscription
39:41 Bracer
41:06 Chemistry
42:41 Heavy Camel Rider
43:43 Chain Barding Armor
43:53 Ring Archer Armor
43:20 Murder Holes
43:07 Treadmill Crane
43:38 Masonry
44:41 Maghrebi Camels
仙逆许木
13:32 Feudal Age
16:16 Castle Age
14:37 Double-Bit Axe
14:56 Loom
20:20 Wheelbarrow
23:41 Horse Collar
25:47 Hand Cart
25:50 Town Watch
27:26 Heavy Plow
27:41 Bow Saw
28:06 Gold Mining
34:50 Imperial Age
32:58 Gold Shaft Mining
32:43 Scale Barding Armor
33:16 Forging
33:07 Husbandry
33:17 Bloodlines
33:19 Tusk Swords
34:12 Bloodlines
34:24 Chain Barding Armor
35:00 Iron Casting
34:53 Elite Battle Elephant
36:14 Plate Barding Armor
36:11 Conscription
40:59 Chemistry
40:20 Ballistics
40:45 Double Crossbow
42:28 Blast Furnace
40:50 Heavy Scorpion
43:29 Fletching
44:30 Bodkin Arrow
44:47 Siege Engineers
44:53 Fortified Wall
44:57 Masonry
45:52 Bracer
47:40 Architecture
47:21 Fortified Wall
平民老百姓
5:04 Loom
13:55 Feudal Age
18:54 Castle Age
16:59 Stone Mining
16:51 Horse Collar
19:06 Padded Archer Armor
20:14 Bloodlines
20:05 Husbandry
20:54 Leather Archer Armor
21:32 Fletching
22:33 Gold Mining
25:20 Stone Shaft Mining
24:38 Double-Bit Axe
30:36 Wheelbarrow
32:37 Hand Cart
33:57 Heavy Plow
42:08 Imperial Age
40:58 Bow Saw
40:48 Bodkin Arrow
41:03 Forging
40:53 Scale Mail Armor
42:10 Pikeman
42:51 Squires
42:37 Arson
42:38 Gambesons
42:14 Man-at-Arms
42:39 Elite Conquistador
43:45 Conscription
44:04 Hoardings
44:14 Ring Archer Armor
46:33 Town Watch
46:50 Bracer
47:26 Iron Casting
47:06 Chain Mail Armor
46:56 Scale Barding Armor
46:41 Cavalier
46:41 Light Cavalry
Connection lost

Rejoining the realm…

Still unreachable

The connection could not be restored.

Session expired

The server has moved on; the page needs a fresh start.